 Dungeon Crawl Stone Soup version 0.31.0-32-g396128a36d (webtiles) character file.

Game seed: 13855300580751020517

1393 Silvore the Basher (level 8, -1/70 HPs)
             Began as a Minotaur Fighter on Apr 10, 2024.
             Was an Elder of Zin.
             Slain by a mummy (16 damage)
             ... in an ossuary.
             The game lasted 00:04:56 (3970 turns).

Silvore the Basher (Minotaur Fighter)               Turns: 3970, Time: 00:04:56

Health: -1/70      AC:  9    Str: 22    XL:     8   Next: 41%
Magic:  7/7        EV: 10    Int:  5    God:    Zin [****..]
Gold:   223        SH:  5    Dex: 11    Spells: 7/7 levels left

rFire   . . .        a - +1 flail
rCold   . . .        t - +0 buckler of Amagrana {Slay+3}
rNeg    . . .        b - +0 scale mail
rPois   .            (helmet restricted)
rElec   .            (no cloak)
rCorr   .            (no gloves)
SInv    .            m - +0 pair of boots
Will    .....        (no amulet) Stlth
                     (no ring)
HPRegen 0.31/turn    (no ring)
MPRegen 0.10/turn

%: no passive effects
@: no status effects
A: horns 2, retaliatory headbutt
a: Renounce Religion, Recite, Vitalisation, Imprison, Donate Gold


You were in an ossuary.
You worshipped Zin.
Zin was greatly pleased with you.
You visited 2 branches of the dungeon, and saw 7 of its levels.
You also visited: Ossuary.

You collected 247 gold pieces.
You donated 24 gold pieces to Zin.

Inventory:

Hand Weapons
 a - a +1 flail (weapon)
Armour
 b - a +0 scale mail (worn)
 c - a +0 buckler
 m - a +0 pair of boots (worn)
 t - the +0 buckler of Amagrana (worn) {Slay+3}
   (You found it on level 6 of the Dungeon)

   Slay+3:    It affects your accuracy & damage with ranged weapons and melee
   (+3).
Jewellery
 g - a ring of poison resistance
 k - a +6 ring of strength
 l - a +5 ring of evasion
Wands
 s - a wand of iceblast (11)
Scrolls
 o - a scroll of blinking
 p - a scroll of torment
 r - a scroll of amnesia
 u - a scroll of fear
 v - a scroll of teleportation
Potions
 d - a potion of might
 e - 3 potions of curing
 f - a potion of invisibility {unknown}
 h - 3 potions of heal wounds {unknown}
 i - 2 potions of mutation {unknown}
 j - 3 potions of brilliance {unknown}
 n - a potion of attraction {unknown}
 q - a potion of berserk rage {unknown}


   Skills:
 + Level 6.1 Fighting
 + Level 8.8 Maces & Flails
 + Level 6.6 Armour
 + Level 2.9 Dodging
 + Level 0.8 Stealth
 + Level 5.0 Shields


You had 7 spell levels left.
You didn't know any spells.
Your spell library contained the following spells:

 Spells                   Type           Power      Damage    Failure   Level
 Cigotuvi's Dreadful Rot  Necr/Alch/Air  0%         N/A       93%         2
 Mercury Vapours          Alch/Air       0%         N/A       93%         2
 Mephitic Cloud           Conj/Alch/Air  0%         N/A       99%         3
 Dispel Undead            Necr           0%         3d6       100%        4
 Martyr's Knell           Necr/Summ      0%         N/A       100%        4
 Alistair's Intoxication  Alch           0%         N/A       100%        5
 Borgnjor's Vile Clutch   Necr/Erth      0%         N/A       100%        5
 Freezing Cloud           Conj/Ice/Air   0%         6-21      100%        5
 Death Channel            Necr           0%         N/A       100%        6
 Eringya's Noxious Bog    Alch           0%         4d6       100%        6


Dungeon Overview and Level Annotations

Branches:
Dungeon (6/15)             Temple (1/1) D:5         Ossuary (1/1)

Altars:
Ashenzari
Dithmenos
Elyvilon
Gozag
Hepliaklqana
Kikubaaqudgha
Makhleb
Nemelex Xobeh
Okawaru
Qazlal
Ru
Sif Muna
Trog
Uskayaw
Vehumet
Wu Jian
Xom
Yredelemnul
Zin

Shops:
D:1 (   D:2 (   D:5 [[


Innate Abilities, Weirdness & Mutations

You have a pair of horns on your head.
You reflexively headbutt those who attack you in melee.


Message History

The centaur zombie is almost destroyed.
The centaur zombie hits you. You block the centaur zombie's attack.
You block the mummy's attack.
The crocodile zombie bites you but does no damage.
The mummy hits you. The centaur zombie hits you.
The centaur zombie closely misses you.
You hit the centaur zombie.
You destroy the centaur zombie!
Zin accepts your kill.
The crocodile zombie closely misses you.
The orc zombie hits you but does no damage.
The crocodile zombie bites you.
The crocodile zombie drags you backwards!
The mummy hits you.
Found a scroll of identify, a clear potion and a potion of might.
The crocodile zombie closely misses you.
You furiously retaliate!
You headbutt the crocodile zombie. The mummy attacks as it pursues you!
The mummy hits you. The orc zombie barely misses you. You furiously retaliate!
You headbutt the orc zombie!
You destroy the orc zombie!
Zin accepts your kill.
You hit the mummy. You headbutt the mummy.
The mummy is lightly damaged.
The crocodile zombie bites you but does no damage.
You hit the mummy but do no damage.
The mummy is lightly damaged.
The mummy hits you!
The crocodile zombie bites you but does no damage.
You hit the mummy. Your headbutt misses the mummy.
The mummy is moderately damaged.
The crocodile zombie barely misses you. The crocodile zombie bites you!
* * * LOW HITPOINT WARNING * * *
The crocodile zombie drags you backwards!
The mummy barely misses you.
Found a bubbling white potion, a potion of curing and a scroll of noise.
You barely miss the crocodile zombie.
The crocodile zombie is lightly damaged.
The mummy hits you!
You die...

###''####### #######''###
#.##..## +..?!!..+ ##..##.#
#..##..###..!!?..###..##..#
#...##^.##..!?!..##..##...#
#....#'.##.......##.'#....#
#.....'..#.......#..'.....#
#.....##.#...8...#.##.....#
#.....'..#....Z..#..'.....#
#....#'^##.....@.##.'#....#
#...##..##....MM.##..##...#
#..##..###.....Z.###..##..#
#.##..## +.......+ ##..##.#
#''''########'########''''#
#.....'.............'.....#
#.....'....8...8....'.....#
######'.............'######
#.....'#...........#'.....#


You could see 2 mummies and 2 crocodile zombies.

Vanquished Creatures
  An ogre (D:4)
  A black bear (D:4)
  Blork the orc (D:6)
  An elf zombie (Ossuary)
  An elf skeleton (D:6)
  A scorpion (D:5)
  3 wights (D:6)
  A bombardier beetle (D:3)
  3 human zombies (Ossuary)
  3 centaur zombies (Ossuary)
  A jelly (D:5)
  2 hounds
  2 orc priests (D:5)
  Natasha (thrice) (D:4)
  2 iguanas
  A human skeleton (D:6)
  An orc wizard (D:5)
  2 spectral hounds (Ossuary)
  A scorpion simulacrum (Ossuary)
  A mummy (Ossuary)
  Robin (D:3)
  5 adders
  A hound simulacrum (Ossuary)
  4 ufetubi (D:5)
  4 spectral gnolls (Ossuary)
  3 ribbon worms
  A dart slug (D:2)
  2 adder simulacra (Ossuary)
  8 orcs
  5 endoplasms
  A giant cockroach (D:1)
  3 gnoll zombies (Ossuary)
  16 goblins
  8 hobgoblins
  6 quokkas
  7 ball pythons
  2 bats
  3 frilled lizards
  3 gnoll simulacra (Ossuary)
  A jackal simulacrum (Ossuary)
  4 kobolds
  9 kobold zombies (Ossuary)
  4 orc zombies (Ossuary)
  4 rats (D:2)
  4 spectral jackals (Ossuary)
141 creatures vanquished.

Notes
Turn   | Place    | Note
-------+----------+-------------------------------------------
     0 | D:1      | Silvore the Minotaur Fighter began the quest for the Orb.
     0 | D:1      | Reached XP level 1. HP: 19/19 MP: 0/0
   199 | D:1      | Found Kiddiar's Weapon Shoppe.
   279 | D:1      | Reached XP level 2. HP: 27/27 MP: 1/1
   787 | D:2      | Reached XP level 3. HP: 33/33 MP: 2/2
   830 | D:2      | Reached skill level 3 in Maces & Flails
  1160 | D:2      | Reached XP level 4. HP: 40/40 MP: 3/3
  1314 | D:2      | Found Torued's Weapon Boutique.
  1566 | D:3      | Noticed Robin
  1577 | D:3      | Killed Robin
  1733 | D:3      | Identified the +4 leather armour of the Slightly Bent {rF+
                  | Regen+ Str+3 Int+3}
  1745 | D:3      | Reached skill level 4 in Maces & Flails
  1745 | D:3      | Reached skill level 1 in Dodging
  1745 | D:3      | Reached XP level 5. HP: 47/47 MP: 4/4
  2026 | D:4      | Noticed an ogre
  2036 | D:4      | Killed an ogre
  2041 | D:4      | Reached skill level 5 in Maces & Flails
  2041 | D:4      | Reached XP level 6. HP: 18/53 MP: 5/5
  2207 | D:4      | Reached skill level 5 in Armour
  2329 | D:4      | Reached skill level 6 in Maces & Flails
  2542 | D:4      | Noticed Natasha
  2548 | D:4      | Killed Natasha
  2569 | D:4      | Noticed Natasha
  2574 | D:4      | Killed Natasha
  2662 | D:4      | Noticed Natasha
  2665 | D:4      | Killed Natasha
  2755 | D:5      | Entered Level 5 of the Dungeon
  2829 | D:5      | Reached XP level 7. HP: 54/60 MP: 6/6
  2957 | D:5      | Found a sacrificial altar of Ru.
  3008 | D:5      | Found a staircase to the Ecumenical Temple.
  3143 | Temple   | Entered the Ecumenical Temple
  3152 | Temple   | Became a worshipper of Zin the Law-Giver
  3152 | Temple   | Reached * piety under Zin
  3176 | D:5      | Found Wailepn's Antique Armour Shoppe.
  3204 | D:5      | Found Ileoze's Antique Armour Shoppe.
  3275 | D:5      | Reached skill level 5 in Fighting
  3511 | D:6      | Reached skill level 7 in Maces & Flails
  3522 | D:6      | Identified the +0 buckler of Amagrana {Slay+3}
  3546 | D:6      | Reached ** piety under Zin
  3560 | D:6      | Noticed Blork the orc
  3570 | D:6      | Killed Blork the orc
  3637 | D:6      | Reached XP level 8. HP: 35/69 MP: 7/7
  3648 | D:6      | Found a sand-covered staircase.
  3658 | Ossuary  | Entered an ossuary
  3793 | Ossuary  | Reached *** piety under Zin
  3815 | Ossuary  | Reached skill level 8 in Maces & Flails
  3882 | Ossuary  | Reached skill level 5 in Shields
  3964 | Ossuary  | Reached **** piety under Zin
  3970 | Ossuary  | Slain by a mummy

Illustrated notes

Levels and vault maps discovered:
D:1:      heliophobic_arrival_ceremonial_halls, layout_loops_ring, serial_shops,
          nicolae_shop_advertising_works [nicolae_subvault_shop_adworks]
D:2:      layout_loops_ring, serial_shops, shop
D:3:      layout_loops_cross, uniq_robin
D:4:      layout_basic, minivault_1, nrook_loot_triangle, minivault_11,
          uniq_natasha
D:5:      layout_rooms, nicolae_ru_the_path_less_chosen,
          minmay_temple_entry_grid, serial_shops, shop,
          nicolae_inconvenience_store
D:6:      layout_basic, nicolae_ossuary_entry_catacombs,
          nicolae_zig_zag_zippers, uniq_blork_the_orc
Temple:   regret_index_temple_mists
Ossuary:  ossuary_zaba_two_paths

Skill      XL: |  1  2  3  4  5  6  7  8 |
---------------+-------------------------+-----
Fighting       | 4 5 6 |  6.1
Armour         | 4 5 6 |  6.6
Shields        | 4 5 |  5.0
Maces & Flails | 3 4 5 6 7 8 |  8.8
Dodging        | 1 2 |  2.9
Stealth        | |  0.8

Action                     |  1- 3 |  4- 6 |  7- 9 || total
---------------------------+-------+-------+-------++-------
  Melee: Flail             |    64 |   104 |   161 ||   329
         Headbutt          |    10 |    13 |    29 ||    52
    Use: Scroll            |     3 |     5 |     4 ||    12
 Armour: Scale mail        |    51 |    75 |   129 ||   255
  Dodge: Dodged            |    36 |    57 |    95 ||   188
  Block: Buckler           |    17 |    28 |    34 ||    79
